 Dungeon Crawl Stone Soup version 0.19.5 (webtiles) character file.

63 equalderp2856 the Caller (level 3, -2/15 HPs)
             Began as a Felid Summoner on Apr 10, 2017.
             Slain by a hobgoblin
             ... wielding a +0 club
              (5 damage)
             ... on level 2 of the Dungeon.
             The game lasted 00:07:02 (3464 turns).

equalderp2856 the Caller (Felid Summoner)           Turns: 3464, Time: 00:07:03

Health: -2/15      AC:  1    Str:  4    XL:     3   Next: 87%
Magic:  4/8        EV: 18    Int: 17    God:
Gold:   64         SH:  0    Dex: 16    Spells: 3 memorised, 2 levels left
                                        Lives:  0   Deaths: 0

rFire  . . .     SeeInvis +     (weapon unavailable)
rCold  . . .     Gourm    .     (armour unavailable)
rNeg   . . .     Faith    .     (shield unavailable)
rPois  .         Spirit   .     (helmet unavailable)
rElec  .         Reflect  .     (cloak unavailable)
rCorr  .         Harm     .     (gloves unavailable)
MR     .....                    (boots unavailable)
Stlth  +++.......               (no amulet)
                                (no ring)
                                (no ring)

@: quick
A: no armour, no weapons or thrown items, stealth, claws 1, fangs 3, see
invisible, carnivore 3, speed 1, shaggy fur 1, slow metabolism 1, sharp paws
a: no special abilities


You were on level 2 of the Dungeon.
You were very full.

You visited 1 branch of the dungeon, and saw 2 of its levels.

You collected 64 gold pieces.

Inventory:

Jewellery
 d - an uncursed ring of resist corrosion {unknown}
Scrolls
 e - 2 scrolls of teleportation {unknown}
 f - a scroll of identify {unknown}
 h - a scroll of noise {unknown}
 i - a scroll of fog {unknown}
Potions
 c - 2 potions of mutation {unknown}
 g - a potion of heal wounds {unknown}
Books
 a - a book of Callings

   Spells                             Type                      Level
   a - Summon Small Mammal            Summoning                    1
   b - Call Imp                       Summoning                    2
   c - Call Canine Familiar           Summoning                    3
   d - Summon Guardian Golem          Hexes/Summoning              3
   e - Summon Lightning Spire         Summoning/Air                4
   f - Summon Ice Beast               Ice/Summoning                4
Comestibles
 b - a meat ration


   Skills:
 + Level 0.4 Fighting
 + Level 2.8 Dodging
 + Level 2.9 Stealth
 + Level 0.8 Unarmed Combat
 + Level 3.0 Spellcasting
 + Level 4.5 Summonings


You had 2 spell levels left.
You knew the following spells:

 Your Spells              Type           Power        Failure   Level  Hunger
a - Summon Small Mammal   Summ           ###.         2%          1    None
b - Call Imp              Summ           ###.....     4%          2    ##.....
c - Call Canine Familiar  Summ           ###.....     10%         3    ###....


Dungeon Overview and Level Annotations

Branches:
Dungeon (2/15)

Altars:
Ashenzari
Uskayaw

Annotations:
D:2 Robin


Innate Abilities, Weirdness & Mutations

You cannot wear armour.
You are incapable of wielding weapons or throwing items.
Your paws allow you to move quietly. (Stealth)
You have sharp claws.
You have razor-sharp teeth.
You have supernaturally acute eyesight. (SInv)
You are carnivorous and can eat meat at any time.
You cover ground quickly.
You are covered in fur. (AC +1)
You have a slow metabolism.
Your sharp claws are effective at attacking unaware monsters.


Message History

Gang up on whom?
Press: ? - help, Dir - move target cursor, f - bat
Aim: a bat Attack!
The bat hits you.
Your crimson imp blinks!
The hobgoblin hits you with a club.
* * * LOW HITPOINT WARNING * * *
Your iron imp hits the hobgoblin.
You scratch the hobgoblin.
The hobgoblin is almost dead.
The bat closely misses you.
The bat hits your iron imp but does no damage.
The hobgoblin misses you.
Unknown command.
You closely miss the hobgoblin.
The hobgoblin is almost dead.
The bat hits you but does no damage.
The bat hits your iron imp but does no damage.
Your iron imp closely misses the bat.
The hobgoblin hits you with a club.
You die...

#.........##.# #...
.#.#........# #...
#.#.#......# ####
#.......#.## ##
###........# #.
#.....#..# #.
.##########(.>..#..## #.
...%...g5.(((........###.
......b.@##.....#..#.....
..$.............#........
.##......###....>..#.....
######## ###.......###.
.###### #. ## #. #. ##
#######


You could see a hobgoblin, a bat and a friendly iron imp.

Vanquished Creatures
  An adder (D:2)
  A leopard gecko (D:1)
  3 bats (D:2)
  A giant cockroach (D:1)
  A hobgoblin (D:1)
  4 jackals (D:2)
  A ball python (D:2)
  A frilled lizard (D:1)
  2 goblins
  5 kobolds
  5 rats (D:1)
25 creatures vanquished.

Vanquished Creatures (collateral kills)
  2 adders (D:2)
  4 dart slugs
  A leopard gecko (D:1)
  7 goblins
  A hobgoblin (D:2)
  2 jackals (D:2)
  A ball python (D:1)
  2 kobolds (D:1)
  2 rats (D:2)
22 creatures vanquished.

Grand Total: 47 creatures vanquished

Notes
Turn   | Place    | Note
-------+----------+-------------------------------------------
     0 | D:1      | equalderp2856 the Felid Summoner began the quest for the Orb.
     0 | D:1      | Reached XP level 1. HP: 7/7 MP: 4/4
   640 | D:1      | Reached XP level 2. HP: 11/11 MP: 6/6
  1562 | D:1      | Learned a level 2 spell: Call Imp
  1897 | D:2      | Noticed Robin
  1932 | D:2      | Reached XP level 3. HP: 14/14 MP: 2/7
  2111 | D:1      | Learned a level 3 spell: Call Canine Familiar
  3359 | D:2      | Found a hide-covered altar of Uskayaw.
  3359 | D:2      | Found a shattered altar of Ashenzari.
  3464 | D:2      | Slain by a hobgoblin

Skill      XL: |  1  2  3 |
---------------+----------+-----
Spellcasting   | 3 |  3.0
Fighting       | |  0.4
Dodging        | |  2.8
Stealth        | |  2.9
Unarmed Combat | |  0.8
Summonings     | |  4.5

Action                   || total
-------------------------++-------
Melee: Unarmed           ||   126
       Bite              ||     8
 Cast: Summon Small Mamm ||    37
       Call Imp          ||    10
       Call Canine Famil ||     4
 Stab: Sleeping          ||     7
       Distracted        ||     1
  Eat: Chunk             ||    13
Armor: Skin              ||    14
Dodge: Dodged            ||   148
